[ AOE2 MATCH · #507794932 ]
UnrankedVikings vs Berbers
Player's team · WIN
Rival team · LOSS
[ REPLAY ANALYSIS · EXTRACTED FROM THE RECORDED GAME ]
Feudal
9:43
Castle
20:38
Imperial
—
| APM avg | 65.5 |
| APM peak | 95 |
| eAPM avg | 36.6 |
| Villagers / military | 63 / 40 |
Focus
⚔️ 46.6% · 🌾 53.4%
Fishing Ship ×30 · Knight ×13 · Scout Cavalry ×9 · Militia ×6 · Longboat ×6 · Fire Galley ×6
Feudal
10:35
Castle
—
Imperial
—
| APM avg | 59.2 |
| APM peak | 91 |
| eAPM avg | 26.7 |
| Villagers / military | 44 / 33 |
Focus
⚔️ 35.6% · 🌾 64.4%
Archer ×15 · Fishing Ship ×13 · Unknown (2626) ×7 · Spearman ×6 · Skirmisher ×5 · Fire Galley ×5
Match map
Initial resources + every placement click. Lines = walls · curves = elevation contours. ◆ gold · ⬟ stone · ● berries · ✦ relic · ◌ wall gap
Your base· Open — unwalled flank
[LW] Faneth's base· ✓ Closed at 22:35 · 18t walls · no gate
Smoothed initial terrain · ◌ = detected wall gap · hover for details
Inputs per minute
— Tacacá - - [LW] Faneth
Build order — Tacacá
First 150 of 208 actions detected
| 0:01 | Queue | Villager (Male) ×4 |
| 0:02 | Build | House |
| 0:02 | Build | House |
| 1:29 | Build | Lumber Camp |
| 1:29 | Queue | Villager (Male) |
| 1:30 | Queue | Villager (Male) |
| 1:47 | Queue | Villager (Male) |
| 1:47 | Queue | Villager (Male) |
| 2:19 | Queue | Villager (Male) |
| 2:20 | Queue | Villager (Male) |
| 2:42 | Queue | Villager (Male) |
| 2:43 | Queue | Villager (Male) |
| 3:14 | Queue | Villager (Male) |
| 3:14 | Queue | Villager (Male) |
| 3:20 | Build | Dock |
| 3:31 | Build | House |
| 3:45 | Queue | Villager (Male) |
| 3:45 | Queue | Villager (Male) |
| 4:02 | Build | Palisade Wall |
| 4:03 | Build | Palisade Wall |
| 4:09 | Queue | Villager (Male) |
| 4:09 | Queue | Villager (Male) |
| 4:12 | Queue | Fishing Ship |
| 4:12 | Queue | Fishing Ship |
| 4:29 | Queue | Villager (Male) |
| 4:30 | Queue | Villager (Male) |
| 4:30 | Queue | Villager (Male) |
| 4:47 | Queue | Fishing Ship |
| 4:47 | Queue | Fishing Ship |
| 4:48 | Queue | Fishing Ship |
| 4:53 | Queue | Villager (Male) |
| 4:53 | Queue | Villager (Male) |
| 5:03 | Build | House |
| 5:13 | Queue | Villager (Male) |
| 5:35 | Queue | Fishing Ship |
| 5:35 | Queue | Fishing Ship |
| 5:38 | Queue | Villager (Male) |
| 5:38 | Queue | Villager (Male) |
| 5:54 | Queue | Villager (Male) |
| 5:54 | Queue | Villager (Male) |
| 5:55 | Queue | Villager (Male) |
| 6:18 | Build | House |
| 6:50 | Research | Loom |
| 6:50 | Research | Loom |
| 7:07 | Build | Barracks |
| 7:33 | Research | Feudal Age |
| 7:33 | Research | Feudal Age |
| 7:43 | Queue | Fishing Ship |
| 7:43 | Queue | Fishing Ship |
| 7:55 | Queue | Militia |
| 7:55 | Queue | Militia |
| 7:55 | Queue | Militia |
| 8:13 | Queue | Fishing Ship |
| 8:44 | Build | Mining Camp |
| 8:58 | Build | House |
| 9:11 | Build | House |
| 9:12 | Queue | Militia |
| 9:12 | Queue | Militia |
| 9:12 | Queue | Militia |
| 9:24 | Queue | Fishing Ship |
| 9:24 | Queue | Fishing Ship |
| 9:43 | Age | Feudal Age |
| 9:46 | Queue | Villager (Male) |
| 9:47 | Research | Man-at-Arms (upgrade) |
| 9:47 | Research | Man-at-Arms (upgrade) |
| 9:52 | Build | House |
| 9:56 | Build | Watch Tower |
| 10:06 | Build | Palisade Wall |
| 10:07 | Build | Palisade Wall |
| 10:25 | Queue | Villager (Male) |
| 10:25 | Queue | Villager (Male) |
| 10:31 | Queue | Fishing Ship |
| 10:59 | Research | Double-Bit Axe |
| 11:00 | Research | Double-Bit Axe |
| 11:05 | Queue | Fishing Ship |
| 11:20 | Queue | Villager (Male) |
| 11:32 | Queue | Fishing Ship |
| 11:50 | Build | Dock |
| 11:53 | Queue | Villager (Male) |
| 11:54 | Queue | Villager (Male) |
| 11:54 | Queue | Villager (Male) |
| 11:54 | Queue | Villager (Male) |
| 12:07 | Research | Arson |
| 12:07 | Research | Arson |
| 12:14 | Queue | Unit 2626 |
| 12:15 | Build | Dock |
| 12:23 | Queue | Villager (Male) |
| 12:40 | Queue | Unit 2626 |
| 12:42 | Queue | Unit 2626 |
| 12:45 | Queue | Villager (Male) |
| 12:45 | Queue | Villager (Male) |
| 12:53 | Build | House |
| 13:01 | Build | House |
| 13:25 | Queue | Fire Galley |
| 13:26 | Queue | Fire Galley |
| 13:28 | Queue | Villager (Male) |
| 13:28 | Queue | Villager (Male) |
| 13:29 | Queue | Villager (Male) |
| 13:29 | Queue | Villager (Male) |
| 13:29 | Queue | Villager (Male) |
| 13:29 | Queue | Villager (Male) |
| 13:43 | Build | House |
| 14:07 | Queue | Fire Galley |
| 14:08 | Queue | Fire Galley |
| 14:23 | Build | House |
| 14:24 | Build | House |
| 14:29 | Queue | Fire Galley |
| 14:29 | Queue | Fire Galley |
| 14:51 | Build | Stable |
| 15:01 | Research | Tech 906 |
| 15:01 | Research | Tech 906 |
| 15:22 | Queue | Villager (Male) |
| 15:22 | Queue | Villager (Male) |
| 15:22 | Queue | Villager (Male) |
| 15:22 | Queue | Villager (Male) |
| 15:25 | Build | Dock |
| 15:33 | Queue | Fishing Ship |
| 15:33 | Queue | Fishing Ship |
| 15:50 | Queue | Scout Cavalry |
| 15:50 | Queue | Scout Cavalry |
| 15:53 | Build | House |
| 15:55 | Queue | Fishing Ship |
| 16:21 | Build | Blacksmith |
| 16:39 | Queue | Fishing Ship |
| 16:42 | Queue | Scout Cavalry |
| 16:46 | Build | House |
| 16:47 | Build | House |
| 16:51 | Build | Palisade Wall |
| 16:53 | Build | Palisade Wall |
| 17:03 | Build | House |
| 17:04 | Queue | Villager (Male) |
| 17:04 | Queue | Villager (Male) |
| 17:04 | Queue | Villager (Male) |
| 17:11 | Queue | Fishing Ship |
| 17:14 | Queue | Fishing Ship |
| 17:14 | Queue | Fishing Ship |
| 17:35 | Build | Lumber Camp |
| 17:56 | Research | Castle Age |
| 17:56 | Research | Castle Age |
| 18:00 | Build | Lumber Camp |
| 18:08 | Queue | Fishing Ship |
| 18:10 | Queue | Fishing Ship |
| 18:16 | Queue | Scout Cavalry |
| 18:31 | Research | Scale Barding Armor |
| 18:31 | Research | Scale Barding Armor |
| 18:31 | Research | Scale Barding Armor |
| 18:44 | Build | Stable |
| 18:46 | Queue | Scout Cavalry |
| 18:51 | Queue | Fishing Ship |
| 19:11 | Queue | Scout Cavalry |
Build order — [LW] Faneth
First 150 of 166 actions detected
| 0:29 | Build | House |
| 0:30 | Queue | Villager (Male) |
| 0:30 | Queue | Villager (Male) |
| 0:31 | Build | House |
| 0:31 | Queue | Villager (Male) |
| 0:32 | Queue | Villager (Male) |
| 1:51 | Build | Lumber Camp |
| 1:53 | Queue | Villager (Male) |
| 1:53 | Queue | Villager (Male) |
| 2:28 | Queue | Villager (Male) |
| 2:56 | Queue | Villager (Male) |
| 2:56 | Queue | Villager (Male) |
| 3:19 | Queue | Villager (Male) |
| 3:46 | Queue | Villager (Male) |
| 4:07 | Queue | Villager (Male) |
| 4:09 | Build | House |
| 4:11 | Build | Dock |
| 4:13 | Build | Palisade Wall |
| 4:23 | Build | Palisade Wall |
| 4:32 | Queue | Villager (Male) |
| 4:39 | Build | House |
| 5:04 | Queue | Villager (Male) |
| 5:13 | Queue | Fishing Ship |
| 5:15 | Queue | Villager (Male) |
| 5:26 | Build | Palisade Wall |
| 5:37 | Build | House |
| 5:37 | Build | Palisade Wall |
| 5:44 | Queue | Villager (Male) |
| 6:04 | Queue | Fishing Ship |
| 6:13 | Queue | Villager (Male) |
| 6:14 | Queue | Villager (Male) |
| 6:26 | Queue | Villager (Male) |
| 6:46 | Queue | Fishing Ship |
| 7:11 | Build | House |
| 7:34 | Queue | Villager (Male) |
| 7:42 | Queue | Fishing Ship |
| 7:49 | Build | House |
| 7:56 | Research | Loom |
| 8:13 | Build | Palisade Wall |
| 8:25 | Research | Feudal Age |
| 8:45 | Build | Lumber Camp |
| 9:19 | Build | Barracks |
| 9:33 | Queue | Villager (Male) |
| 10:06 | Queue | Villager (Male) |
| 10:35 | Age | Feudal Age |
| 10:39 | Build | Watch Tower |
| 10:45 | Build | Archery Range |
| 10:54 | Research | Double-Bit Axe |
| 11:05 | Build | Palisade Wall |
| 11:15 | Build | Palisade Wall |
| 11:18 | Queue | Villager (Male) |
| 11:31 | Queue | Archer |
| 11:33 | Queue | Villager (Male) |
| 11:52 | Queue | Villager (Male) |
| 12:01 | Queue | Skirmisher |
| 12:05 | Queue | Villager (Male) |
| 12:29 | Queue | Villager (Male) |
| 12:39 | Queue | Skirmisher |
| 12:48 | Queue | Fishing Ship |
| 12:57 | Build | Mining Camp |
| 13:04 | Queue | Villager (Male) |
| 13:06 | Build | House |
| 13:22 | Queue | Villager (Male) |
| 13:32 | Queue | Skirmisher |
| 13:32 | Queue | Villager (Male) |
| 13:40 | Build | Mill |
| 13:51 | Build | House |
| 14:00 | Queue | Archer |
| 14:21 | Queue | Unit 2626 |
| 14:25 | Queue | Villager (Male) |
| 14:40 | Queue | Skirmisher |
| 14:46 | Queue | Archer |
| 14:52 | Queue | Villager (Male) |
| 15:22 | Build | Farm |
| 15:22 | Build | Farm |
| 15:22 | Build | Farm |
| 15:22 | Build | Farm |
| 15:23 | Build | Farm |
| 15:29 | Queue | Skirmisher |
| 15:37 | Queue | Unit 2626 |
| 15:44 | Queue | Villager (Male) |
| 15:46 | Build | Farm |
| 15:56 | Queue | Villager (Male) |
| 16:01 | Build | Blacksmith |
| 16:23 | Queue | Archer |
| 16:24 | Queue | Archer |
| 16:27 | Build | Dock |
| 16:32 | Queue | Villager (Male) |
| 16:42 | Queue | Spearman |
| 16:42 | Queue | Spearman |
| 17:04 | Research | Fletching |
| 17:06 | Queue | Villager (Male) |
| 17:07 | Build | House |
| 17:08 | Build | Palisade Wall |
| 17:11 | Queue | Spearman |
| 17:16 | Queue | Archer |
| 17:18 | Queue | Villager (Male) |
| 17:20 | Build | House |
| 17:21 | Build | House |
| 17:22 | Build | House |
| 17:31 | Queue | Fishing Ship |
| 17:32 | Queue | Villager (Male) |
| 17:38 | Build | House |
| 17:38 | Build | House |
| 17:51 | Queue | Archer |
| 17:57 | Queue | Villager (Male) |
| 18:01 | Queue | Spearman |
| 18:05 | Build | House |
| 18:14 | Queue | Archer |
| 18:25 | Queue | Villager (Male) |
| 18:28 | Queue | Fishing Ship |
| 18:29 | Queue | Fishing Ship |
| 18:34 | Build | Dock |
| 18:45 | Queue | Archer |
| 19:03 | Queue | Fire Galley |
| 19:05 | Queue | Archer |
| 19:13 | Queue | Villager (Male) |
| 19:27 | Queue | Fishing Ship |
| 19:28 | Queue | Fishing Ship |
| 19:29 | Queue | Fishing Ship |
| 19:31 | Build | House |
| 19:35 | Build | House |
| 19:35 | Build | House |
| 19:40 | Queue | Villager (Male) |
| 19:41 | Queue | Archer |
| 20:04 | Queue | Unit 2626 |
| 20:04 | Queue | Unit 2626 |
| 20:05 | Build | Palisade Wall |
| 20:08 | Build | Palisade Wall |
| 20:11 | Build | Palisade Wall |
| 20:11 | Build | Palisade Wall |
| 20:27 | Queue | Fire Galley |
| 20:35 | Queue | Villager (Male) |
| 20:47 | Queue | Unit 2626 |
| 20:59 | Queue | Archer |
| 21:08 | Build | Market |
| 21:11 | Build | House |
| 21:13 | Build | House |
| 21:15 | Build | Palisade Wall |
| 21:23 | Build | Stable |
| 21:24 | Build | Palisade Wall |
| 21:26 | Queue | Villager (Male) |
| 21:29 | Queue | Unit 2626 |
| 21:33 | Build | Palisade Wall |
| 21:42 | Queue | Spearman |
| 21:43 | Queue | Archer |
| 21:47 | Queue | Fishing Ship |
| 21:57 | Research | Gold Mining |
| 22:00 | Queue | Archer |
| 22:05 | Queue | Fishing Ship |
Match timeline
| 3:20 | Tacacá · first_building Dock |
| 4:02 | Tacacá · wall_segment Palisade Wall x1 |
| 4:03 | Tacacá · wall_segment Palisade Wall x1 |
| 4:11 | [LW] Faneth · first_building Dock |
| 4:13 | [LW] Faneth · wall_segment Palisade Wall x1 |
| 4:23 | [LW] Faneth · wall_segment Palisade Wall x1 |
| 5:26 | [LW] Faneth · wall_segment Palisade Wall x1 |
| 5:37 | [LW] Faneth · wall_segment Palisade Wall x1 |
| 7:07 | Tacacá · first_building Barracks |
| 8:13 | [LW] Faneth · wall_segment Palisade Wall x4 |
| 9:19 | [LW] Faneth · first_building Barracks |
| 9:43 | Tacacá · age_up feudal |
| 10:06 | Tacacá · wall_segment Palisade Wall x1 |
| 10:07 | Tacacá · wall_segment Palisade Wall x1 |
| 10:35 | [LW] Faneth · age_up feudal |
| 10:45 | [LW] Faneth · first_building Archery Range |
| 11:05 | [LW] Faneth · wall_segment Palisade Wall x1 |
| 11:15 | [LW] Faneth · wall_segment Palisade Wall x1 |
| 14:51 | Tacacá · first_building Stable |
| 16:51 | Tacacá · wall_segment Palisade Wall x3 |
| 16:53 | Tacacá · wall_segment Palisade Wall x3 |
| 17:08 | [LW] Faneth · wall_segment Palisade Wall x1 |
| 20:05 | [LW] Faneth · wall_segment Palisade Wall x1 |
| 20:08 | [LW] Faneth · wall_segment Palisade Wall x1 |
| 20:11 | [LW] Faneth · wall_segment Palisade Wall x1 |
| 20:11 | [LW] Faneth · wall_segment Palisade Wall x1 |
| 20:38 | Tacacá · age_up castle |
| 21:15 | [LW] Faneth · wall_segment Palisade Wall x1 |
| 21:23 | [LW] Faneth · first_building Stable |
| 21:24 | [LW] Faneth · wall_segment Palisade Wall x1 |
| 21:33 | [LW] Faneth · wall_segment Palisade Wall x1 |
| 22:28 | [LW] Faneth · wall_segment Palisade Wall x1 |
| 22:58 | Tacacá · first_building Monastery |
| 23:02 | [LW] Faneth · wall_segment Palisade Wall x1 |
| 23:15 | [LW] Faneth · resign |
[ AI ANALYSIS · 1 CREDIT ]
What really happened in this match?
Wolo.gg analyzes every decision: build order, eco, micro, common mistakes by bracket. Personalized analysis on WhatsApp or Discord in 30 seconds.
Civ guide
Vikings
Perfil
Falcao (Tacacá)